 Dungeon Crawl Stone Soup version 0.22-a0-515-g75794bf (webtiles) character file.

12 inc the Changer (level 2, -1/21 HPs)
             Began as a Merfolk Transmuter on June 19, 2018.
             Slain by a hobgoblin
             ... wielding a cursed -2 club
              (2 damage)
             ... on level 1 of the Dungeon.
             The game lasted 00:00:38 (331 turns).

inc the Changer (Merfolk Transmuter)                 Turns: 331, Time: 00:00:39

Health: -1/21      AC:  2    Str: 10    XL:     2   Next: 33%
Magic:  5/5        EV: 13    Int: 12    God:
Gold:   13         SH:  0    Dex: 14    Spells: 4/5 levels left

rFire    . . .     SeeInvis .     - Unarmed
rCold    . . .     Gourm    .   (no shield)
rNeg     . . .     Faith    .   b - +0 robe
rPois    .         Spirit   .   (no helmet)
rElec    .         Reflect  .   (no cloak)
rCorr    .         Harm     .   (no gloves)
MR       .....                  (no boots)
Stlth    +.........             (no amulet)
HPRegen  0.07/turn              (no ring)
MPRegen  0.09/turn              (no ring)

@: appendage (expiring)
A: change form in water, swift swim, stealthy swim, horns 2
a: End Transformation


You were on level 1 of the Dungeon.
You were not hungry.
You had grown temporary horns.
You visited 1 branch of the dungeon, and saw 1 of its levels.

You collected 13 gold pieces.

Inventory:

Missiles
 a - 12 arrows
Armour
 b - a +0 robe (worn)
Potions
 c - a potion of brilliance {unknown}
Comestibles
 d - a ration


   Skills:
 - Level 1.1 Fighting
 - Level 2.6 Dodging
 - Level 3.2 Unarmed Combat
 - Level 2.0 Spellcasting
 + Level 4.0 Transmutations


You had 4 spell levels left.
You knew the following spells:

 Your Spells              Type           Power        Failure   Level  Hunger
a - Beastly Appendage     Tmut           ##....       5%          1    ##.....

Your spell library contained the following spells:

 Spells                   Type           Power        Failure   Level  Hunger
 Spider Form              Tmut/Pois      #.........   34%         3    ####...
 Blade Hands              Tmut           ##........   82%         5    ######.
 Ice Form                 Ice/Tmut       #.......     75%         4    #####..
 Sticks to Snakes         Tmut           ##......     8%          2    ###....


Dungeon Overview and Level Annotations

Branches:
Dungeon (1/15)

Altars:


Innate Abilities, Weirdness & Mutations

You revert to your normal form in water.
You are very nimble and swift while swimming.
You are very stealthy in the water. (Stealth+)
You have a pair of horns on your head.


Message History

The leopard gecko barely misses you. The leopard gecko closely misses you.
The kobold hits you with a short sword.
* * * LOW HITPOINT WARNING * * *
The leopard gecko bites you.
* * * LOW HITPOINT WARNING * * *
You miss the leopard gecko. The leopard gecko closely misses you.
You hit the leopard gecko.
You kill the leopard gecko!
You hit the kobold.
You kill the kobold!
Your Transmutations skill increases to level 4!
You closely miss the hobgoblin.
Your transformation is almost over.
The hobgoblin barely misses you. The hobgoblin misses you.
You see here a short sword.
You hit the hobgoblin but do no damage. Your headbutt misses the hobgoblin.
The hobgoblin hits you.
* * * LOW HITPOINT WARNING * * *
The hobgoblin hits you with a club.
You die...

#............###........#
##..#.##..#..............###
#.........# ..............
.##.#....## .............
...........## ......##÷##...
#####.......# .....##÷.÷##..
.>.........# .....#..<..#..
####.....#g# #....##(..##..
#.......#@###.....##+##...
#.##....#.g.#.............
#. #....###.#............. #
###### #.....########..
##.....##......#
####......##### ##...)..#
#.......# #.#.....#


You could see 2 hobgoblins.

Vanquished Creatures
  A dart slug (D:1)
  A leopard gecko (D:1)
  A giant cockroach (D:1)
  4 jackals (D:1)
  A kobold (D:1)
8 creatures vanquished.

Notes
Turn   | Place    | Note
-------+----------+-------------------------------------------
     0 | D:1      | inc the Merfolk Transmuter began the quest for the Orb.
     0 | D:1      | Reached XP level 1. HP: 15/15 MP: 3/3
    13 | D:1      | Reached skill level 3 in Transmutations
    34 | D:1      | Reached XP level 2. HP: 5/21 MP: 3/5
   328 | D:1      | Reached skill level 4 in Transmutations
   331 | D:1      | HP: 1/21 [hobgoblin (2)]
   331 | D:1      | Slain by a hobgoblin

Vault maps used:
D:1:      dpeg_arrival_shelter, minmay_crystal_water

Skill      XL: |  1  2 |
---------------+-------+-----
Transmutations | 3 4 |  4.0
Fighting       | |  1.1
Dodging        | |  2.6
Unarmed Combat | |  3.2
Spellcasting   | |  2.0

Action                   || total
-------------------------++-------
Melee: Unarmed           ||    41
       Headbutt          ||     3
 Cast: Beastly Appendage ||     4
Armor: Robe              ||    14
Dodge: Dodged            ||    40

Table legend:
 A = Spawn XP
 B = Non-spawn XP
 C = Spawn XP percentage of total XP
 D = Spawn monster count
 E = Non-spawn monster count
 F = Spawn count percentage of total count
 G = Total turns spent on level
                    A         B        C        D         E        F      G
               +---------+---------+-------+---------+---------+-------+---------
         Total |       0 |      18 |   0.0 |       0 |       8 |   0.0 |   331
               +---------+---------+-------+---------+---------+-------+---------
           D:1 |       0 |      18 |   0.0 |       0 |       8 |   0.0 |   331
               +---------+---------+-------+---------+---------+-------+---------
